 Dungeon Sprint DCSS version 0.29-a0-322-g68df515428 (webtiles) character file.

Game seed: 11785474469364037444

0 BigDaddyOpFi the Cudgeller (level 1, 0/18 HPs)
             Began as a Human Berserker on Apr 5, 2022.
             Was a Follower of Trog.
             Slain by a river rat (1 damage)
             ... in the Dungeon (Sprint IV: "Fedhas' Mad Dash").
             The game lasted 00:00:06 (22 turns).

BigDaddyOpFi the Cudgeller (Human Berserker)          Turns: 22, Time: 00:00:06

Health: 0/18       AC:  2    Str: 17    XL:     1   Next: 0%
Magic:  1/1        EV: 12    Int:  7    God:    Trog [*.....]
Gold:   0          SH:  0    Dex: 12    Spells: 0/0 levels left

rFire   . . .      SeeInvis .   a - +0 mace
rCold   . . .      Faith    .   (no shield)
rNeg    . . .      Spirit   .   b - +0 animal skin
rPois   .          Reflect  .   (no helmet)
rElec   .          Harm     .   (no cloak)
rCorr   .          Rampage  .   (no gloves)
Will    .....      NoTele   +   (no boots)
Stlth   +.........              (no amulet)
HPRegen 0.06/turn               (no ring)
MPRegen 0.07/turn               (no ring)

@: no status effects
A: no striking features
a: Renounce Religion, Berserk


You were in the Dungeon.
You worshipped Trog.
Trog was aware of your devotion.
You visited 1 branch

Inventory:

Hand Weapons
 a - a +0 mace (weapon)
Armour
 b - a +0 animal skin (worn)
Scrolls
 h - a scroll of blinking
Potions
 c - a potion of curing
 d - a potion of heal wounds
 e - a potion of haste
 f - 2 potions of magic
 g - a potion of berserk rage


   Skills:
 + Level 3.0 Fighting
 + Level 3.0 Maces & Flails
 + Level 2.0 Armour
 + Level 2.0 Dodging


You couldn't memorise any spells.
You didn't know any spells.
Your spell library was empty.

Dungeon Overview and Level Annotations

Branches:
Dungeon (1/1)

Altars:


Message History

You hit the river rat but do no damage.
The river rat is severely wounded.
The rat closely misses you. The river rat barely misses you.
The rat barely misses you. The river rat closely misses you.
Unknown command.
You closely miss the river rat.
The river rat is severely wounded.
The river rat misses you. The rat barely misses you.
Unknown command.
You barely miss the river rat.
The river rat is severely wounded.
The rat barely misses you. The river rat barely misses you.
Unknown command.
You hit the river rat but do no damage.
The river rat is severely wounded.
The rat misses you. The river rat bites you.
Unknown command.
You closely miss the river rat.
The river rat is severely wounded.
The rat closely misses you. The river rat misses you.
The rat closely misses you.
The river rat bites you but does no damage.
Unknown command.
You hit the river rat but do no damage.
The river rat is severely wounded.
The rat closely misses you. The river rat barely misses you.
Unknown command.
You hit the river rat.
The river rat is severely wounded.
The river rat bites you!
* * * LOW HITPOINT WARNING * * *
The rat closely misses you.
Unknown command.
You hit the river rat but do no damage.
The river rat is severely wounded.
The river rat barely misses you. The rat closely misses you.
You hit the river rat but do no damage.
The river rat is severely wounded.
The rat misses you. The river rat bites you.
You die...

############
#<...#.....#
#PP..'@r...+
#PPPP#.r...#
############


You could see a river rat and a rat.

Vanquished Creatures (others)
  A fungus (D)
1 creature vanquished.

Notes
Turn   | Place    | Note
-------+----------+-------------------------------------------
     0 | D        | BigDaddyOpFi the Human Berserker began the quest for the
                  | Orb.
     0 | D        | Reached XP level 1. HP: 18/18 MP: 1/1
    22 | D        | Slain by a river rat

Illustrated notes

Levels and vault maps discovered:
D:        dungeon_sprint_fedhas [sprint_temple]

Action                   || total
-------------------------++-------
Melee: Mace              ||    16
Armor: Animal skin       ||     3
Dodge: Dodged            ||    24

Table legend: (Time is in decaauts)
 A = Elapsed time spent in this place.
 B = Non-inter-level travel time spent in this place.
 C = Inter-level travel time spent in this place.
 D = Time resting spent in this place.
 E = Time spent auto-exploring this place.
 F = Levels seen in this place.
 G = Mean time per level.
                   A        B        C        D        E       F      G
               +--------+--------+--------+--------+--------+-----+--------+
         Total |     25 |     25 |      0 |      0 |      0 |   1 |   25.0 |
       Dungeon |     25 |     25 |      0 |      0 |      0 |   1 |   25.0 |
               +--------+--------+--------+--------+--------+-----+--------+

Top non-repeatable levels by time:
       D: 25 daAuts
